 Dungeon Crawl Stone Soup version 0.21.1-1-g345015f (webtiles) character file.

37 chorionicmirror the Charmwright (level 3, -5/31 HPs)
             Began as a Gnoll Skald on June 23, 2018.
             Slain by a gnoll
             ... wielding a +1 flail of holy wrath
              (13 damage)
             ... on level 2 of the Dungeon.
             The game lasted 00:03:34 (956 turns).

chorionicmirror the Charmwright (Gnoll Skald)        Turns: 956, Time: 00:03:34

Health: -5/31      AC:  5    Str: 13 (14) XL:     3   Next: 39%
Magic:  6/9        EV:  7    Int: 14 (15) God:
Gold:   57         SH: 10    Dex: 13 (14) Spells: 11/12 levels left

rFire    . . .     SeeInvis .   a - +0 falchion
rCold    . . .     Gourm    .   k - +0 large shield
rNeg     + . .     Faith    .   l - +0 ring mail
rPois    .         Spirit   .   (no helmet)
rElec    .         Reflect  .   (no cloak)
rCorr    .         Harm     .   (no gloves)
MR       .....                  (no boots)
Stlth    ++........             (no amulet)
HPRegen  0.10/turn              j - ring of positive energy
MPRegen  0.11/turn              h - ring of stealth

@: very slightly contaminated
A: distributed training, fangs 1, strong nose
a: no special abilities


You were on level 2 of the Dungeon.
You were not hungry.

You visited 1 branch of the dungeon, and saw 2 of its levels.

You collected 57 gold pieces.

Inventory:

Hand Weapons
 a - a +0 falchion (weapon)
Armour
 k - a +0 large shield (worn)
 l - a +0 ring mail (worn)
Jewellery
 h - a ring of stealth (right hand)
 j - a ring of positive energy (left hand)
Scrolls
 e - a scroll of identify {unknown}
 i - a scroll of enchant armour {unknown}
Books
 c - a book of Battle

   Spells                             Type                      Level
   a - Infusion                       Charms                       1
   b - Shroud of Golubria             Charms/Translocation         2
   c - Song of Slaying                Charms                       2
   d - Spectral Weapon                Hexes/Charms                 3
   e - Regeneration                   Charms/Necromancy            3
Comestibles
 d - 5 rations
 n - 2 chunks of flesh


   Skills:
 + Level 4.5 Fighting
 + Level 0.7 Short Blades
 + Level 4.5 Long Blades
 + Level 0.7 Axes
 + Level 0.7 Maces & Flails
 + Level 0.7 Polearms
 + Level 0.7 Staves
 + Level 0.7 Slings
 + Level 0.7 Bows
 + Level 0.7 Crossbows
 + Level 0.7 Throwing
 + Level 2.6 Armour
 + Level 4.5 Dodging
 + Level 0.7 Stealth
 + Level 0.7 Shields
 + Level 0.7 Unarmed Combat
 + Level 5.0 Spellcasting
 + Level 0.5 Conjurations
 + Level 0.5 Hexes
 + Level 5.4 Charms
 + Level 0.5 Summonings
 + Level 0.5 Necromancy
 + Level 0.5 Translocations
 + Level 0.5 Transmutations
 + Level 0.5 Fire Magic
 + Level 0.5 Ice Magic
 + Level 0.5 Air Magic
 + Level 0.5 Earth Magic
 + Level 0.5 Poison Magic
 + Level 0.9 Invocations
 + Level 0.7 Evocations


You had 11 spell levels left.
You knew the following spells:

 Your Spells              Type           Power        Failure   Level  Hunger
a - Infusion              Chrm           ###.         67%         1    None


Dungeon Overview and Level Annotations

Branches:
Dungeon (2/15)

Altars:


Innate Abilities, Weirdness & Mutations

Your experience applies equally to all skills.
You have very sharp teeth.
Your uncanny sense of smell can sniff out nearby items.


Message History

You feel weakened.
You feel dopey.
You feel clumsy. You block the gnoll's attack.
It was a potion of cancellation.
Your magical effects are unravelling.
You feel magically purged.
Your resistance to elements expires.
Casting: Infusion
Confirm with . or Enter, or press ? or * to list all spells.
You miscast Infusion.
You are very lightly contaminated with residual magic.
Nothing appears to happen.
You block the gnoll's attack.
Casting: Infusion
Confirm with . or Enter, or press ? or * to list all spells.
You miscast Infusion.
Waves of light ripple over your body. The gnoll barely misses you.
Casting: Infusion
Confirm with . or Enter, or press ? or * to list all spells.
You miscast Infusion.
Your skin glows momentarily.
The gnoll hits you with a flail of holy wrath!
You die...

...##.##
#.###.###...#
#.###.# #.##..#
.. #.###.#
#.##.## ...##.#
##....#
<#....###..####
)#.........#
).....###..#
.##...#
#.###########...
.##...#
#.......@gggg.#
.######
#.#############
.# ### .# ##


You could see 4 gnolls.

Vanquished Creatures
  An ooze (D:1)
  A dart slug (D:1)
  2 giant cockroaches
  4 goblins
  5 hobgoblins
  2 jackals (D:2)
  7 kobolds
  A frilled lizard (D:1)
  2 rats (D:1)
25 creatures vanquished.

Notes
Turn   | Place    | Note
-------+----------+-------------------------------------------
     0 | D:1      | chorionicmirror the Gnoll Skald began the quest for the Orb.
     0 | D:1      | Reached XP level 1. HP: 20/20 MP: 6/6
   223 | D:1      | Reached XP level 2. HP: 17/26 MP: 3/7
   566 | D:1      | Reached XP level 3. HP: 23/31 MP: 9/9
   650 | D:1      | Reached skill level 5 in Spellcasting
   956 | D:2      | Slain by a gnoll

Skill      XL: |  1  2  3 |
---------------+----------+-----
Spellcasting   | 5 |  5.0
Fighting       | |  4.5
Short Blades   | |  0.7
Long Blades    | |  4.5
Axes           | |  0.7
Maces & Flails | |  0.7
Polearms       | |  0.7
Staves         | |  0.7
Slings         | |  0.7
Bows           | |  0.7
Crossbows      | |  0.7
Throwing       | |  0.7
Armour         | |  2.6
Dodging        | |  4.5
Stealth        | |  0.7
Shields        | |  0.7
Unarmed Combat | |  0.7
Conjurations   | |  0.5
Hexes          | |  0.5
Charms         | |  5.4
Summonings     | |  0.5
Necromancy     | |  0.5
Translocations | |  0.5
Transmutations | |  0.5
Fire Magic     | |  0.5
Ice Magic      | |  0.5
Air Magic      | |  0.5
Earth Magic    | |  0.5
Poison Magic   | |  0.5
Invocations    | |  0.9
Evocations     | |  0.7

Action                   || total
-------------------------++-------
Melee: Falchion          ||    77
       Bite              ||    13
 Cast: Infusion          ||     6
  Use: Potion            ||     4
 Stab: Sleeping          ||     1
Armor: Leather armour    ||     2
       Ring mail         ||     8
Dodge: Dodged            ||    31
Block: Large shield      ||    30
       Rpst.: Falchion   ||     9
